[Event "Titled Tuesday Blitz January 25 2022"]
[White "Fiorito, Fabian"]
[Black "Poliannikov, Danila"]
[WhiteFideId "100200"]
[BlackFideId "30935245"]
[WhiteElo "2395"]
[BlackElo "2548"]
[Result "0-1"]
[Round "11"]
[TimeControl "180+1"]
[Date "2022.01.26"]
[WhiteClock "0:00:06"]
[BlackClock "0:00:47"]

1. Nf3 Nf6 2. g3 c5 3. Bg2 g6 4. O-O Bg7 5. c4 O-O 6. Nc3 Nc6 7. d4 cxd4 8. Nxd4 d6 9. Nxc6 bxc6 10. Bxc6 Rb8 11. Rb1 Qa5 12. Bd2 Qh5 13. Bg2 Bh3 14. Re1 Ng4 15. Bf3 Qc5 16. Bxg4 Bxg4 17. b3 Bd4 18. Na4 Bxf2+ 19. Kg2 Qh5 20. Kxf2 Qxh2+ 21. Ke3 Qxg3+ 22. Kd4 e5+ 23. Kd5 Be6+ 24. Kxd6 Rbc8 25. Ke7 Qh4+ 26. Kd6 Qd4+ 27. Ke7 Qd8# 0-1


[Site "https://www.chess.com"]

[Event "Titled Tuesday Blitz January 25 2022"]
[White "Gaehwiler, Gabriel"]
[Black "Iskusnyh, Sergei"]
[WhiteFideId "1314530"]
[BlackFideId "4120027"]
[WhiteElo "2383"]
[BlackElo "2492"]
[Result "0-1"]
[Round "11"]
[TimeControl "180+1"]
[Date "2022.01.26"]
[WhiteClock "0:00:03"]
[BlackClock "0:00:32"]

1. Nf3 d5 2. d4 Nf6 3. c4 c6 4. Nc3 e6 5. Bg5 Be7 6. e3 Nbd7 7. Bd3 h6 8. Bxf6 Nxf6 9. O-O O-O 10. e4 dxe4 11. Nxe4 Nxe4 12. Bxe4 Bf6 13. Qd2 Bd7 14. Rad1 Qb6 15. Ne5 Rad8 16. Ng4 Bg5 17. Qc3 f5 18. f4 Be7 19. Qg3 fxg4 20. Qxg4 Rf6 21. b3 Bc8 22. c5 Qb4 23. a3 Qxb3 24. Qe2 Qc3 25. Rf3 Qa5 26. Bc2 Rd5 27. Qe4 g6 28. Rg3 Rdf5 29. Qe3 Kh7 30. Bxf5 gxf5 31. Qe5 Qd8 32. Rdd3 Rf7 33. Qb8 Bf6 34. Kf1 b6 35. Ke1 Ba6 36. Qxd8 Bxd8 37. Rde3 Bc4 0-1


[Site "https://www.chess.com"]

[Event "Titled Tuesday Blitz January 25 2022"]
[White "Galyas, Miklos"]
[Black "Domingo Nunez, Alejandro"]
[WhiteFideId "707244"]
[BlackFideId "22245561"]
[WhiteElo "2409"]
[BlackElo "2215"]
[Result "0-1"]
[Round "11"]
[TimeControl "180+1"]
[Date "2022.01.26"]
[WhiteClock "0:01:38"]
[BlackClock "0:01:18"]

1. c4 g6 2. g3 Bg7 3. Bg2 Nf6 4. Nc3 d6 5. e4 h5 6. h3 c5 7. Nge2 Nc6 8. d3 Rb8 9. Bg5 a6 10. a4 Qa5 11. O-O Bd7 12. Nd5 Nh7 13. Bd2 Qd8 14. Bc3 O-O 15. Bxg7 Kxg7 16. f4 e6 17. Ndc3 f5 18. d4 cxd4 19. Nxd4 Qb6 20. Ne2 e5 21. fxe5 dxe5 22. Kh1 Nxd4 23. Nc3 Nf6 24. exf5 Nxf5 25. Kh2 Qxb2 26. Rc1 Qxg2+ 0-1


[Site "https://www.chess.com"]

[Event "Titled Tuesday Blitz January 25 2022"]
[White "Garcia Martin, Marta"]
[Black "Pap, Gyula"]
[WhiteFideId "32084030"]
[BlackFideId "725323"]
[WhiteElo "2102"]
[BlackElo "2553"]
[Result "1-0"]
[Round "11"]
[TimeControl "180+1"]
[Date "2022.01.26"]
[WhiteClock "0:00:05"]
[BlackClock "0:00:05"]

1. Nf3 c5 2. e4 d6 3. c3 Nf6 4. d4 Nxe4 5. Bd3 Nf6 6. dxc5 dxc5 7. O-O e6 8. Qe2 Be7 9. Rd1 Qc7 10. Na3 a6 11. Nc4 O-O 12. Nce5 b5 13. Bf4 Qb7 14. a4 c4 15. Bc2 Nbd7 16. Bg5 Nc5 17. Nd4 Bd7 18. Qe3 Nd5 19. Qh3 g6 20. Bxe7 Nxe7 21. Qh4 Nd5 22. Ndf3 f6 23. Bxg6 hxg6 24. Nxg6 Kg7 25. Nxf8 Rxf8 26. axb5 axb5 27. Rd4 e5 28. Qg3+ Kf7 29. Rh4 Nf4 30. Rh7+ Ke8 31. Qg7 Nd5 32. Rd1 Bc6 33. Qg6+ Rf7 34. Re1 Qe7 35. g4 Nf4 36. Rh8+ Kd7 37. Qg8 Kc7 38. Qb8+ Kd7 39. Qc8+ Kd6 40. Rd1+ Ncd3 41. Rd8+ Kc5 42. Nd2 Qb7 43. b4+ cxb3 44. Nxb3+ Kc4 45. Na5+ Kxc3 46. Nxb7 1-0


[Site "https://www.chess.com"]

[Event "Titled Tuesday Blitz January 25 2022"]
[White "Golubka, Petro"]
[Black "Nazaretyan, Tigran"]
[WhiteFideId "14114224"]
[BlackFideId "24162345"]
[WhiteElo "2392"]
[BlackElo "2192"]
[Result "1-0"]
[Round "11"]
[TimeControl "180+1"]
[Date "2022.01.26"]
[WhiteClock "0:00:31"]
[BlackClock "0:00:29"]

1. d4 Nf6 2. Nf3 d6 3. c3 g6 4. Nbd2 Bg7 5. e4 O-O 6. Bd3 e5 7. O-O Re8 8. Re1 Nc6 9. h3 d5 10. Nxe5 Nxe5 11. dxe5 Nxe4 12. Nf3 Bf5 13. Bf4 c6 14. Re2 Qd7 15. Qc2 Rad8 16. Rae1 h6 17. Bh2 h5 18. Nd4 Bxe5 19. Bxe5 Rxe5 20. f3 Rde8 21. fxe4 dxe4 22. Bc4 b5 23. Nxf5 Rxf5 24. Bb3 c5 25. Rxe4 Rxe4 26. Qxe4 c4 27. Bc2 Qd2 28. Qe8+ Kg7 29. Qe2 Rd5 30. Be4 Rd6 31. Bf3 Qf4 32. Qe5+ Qxe5 33. Rxe5 a6 34. Kf2 f5 35. Ke2 Kf6 36. Rd5 Re6+ 37. Kd2 h4 38. b3 cxb3 39. axb3 g5 40. b4 Rb6 41. Rc5 Rd6+ 42. Kc2 Ke6 43. Rc6 Rxc6 44. Bxc6 g4 45. Kd3 Ke5 46. Bb7 Kf4 47. Bxa6 Kg3 48. hxg4 fxg4 49. Bc8 Kf4 50. Kd4 g3 51. Bh3 Kg5 52. Ke4 Kf6 53. Kf4 Ke7 54. Kg4 Kd6 55. Kxh4 Kd5 56. Bd7 Kc4 57. Bxb5+ Kxc3 58. Kxg3 Kxb4 59. Be2 Kc5 60. Kf4 Kd6 61. Bf3 Ke7 62. g3 Kf6 63. g4 Kg6 64. g5 Kg7 65. Bg4 Kf7 66. Kf5 Kg7 67. Bh5 Kg8 68. Kf6 Kf8 69. Bd1 Kg8 70. g6 Kf8 71. Ba4 Kg8 72. Bb5 Kf8 73. g7+ Kg8 74. Bc4+ Kh7 75. g8=Q+ Kh6 76. Qh8# 1-0


[Site "https://www.chess.com"]

[Event "Titled Tuesday Blitz January 25 2022"]
[White "Goryachkina, Aleksandra"]
[Black "Jaracz, Pawel"]
[WhiteFideId "4147103"]
[BlackFideId "1102222"]
[WhiteElo "2426"]
[BlackElo "2429"]
[Result "1/2-1/2"]
[Round "11"]
[TimeControl "180+1"]
[Date "2022.01.26"]
[WhiteClock "0:00:06"]
[BlackClock "0:00:09"]

1. e4 c5 2. Nf3 e6 3. c3 Nf6 4. e5 Nd5 5. d4 cxd4 6. cxd4 d6 7. Bc4 Nb6 8. Bb5+ Bd7 9. Bxd7+ Qxd7 10. O-O Nc6 11. Qe2 Nd5 12. Bd2 Be7 13. Nc3 Nxc3 14. Bxc3 O-O 15. Rfd1 d5 16. Rd3 Rac8 17. h4 h6 18. h5 Bb4 19. Nh2 Bxc3 20. bxc3 Ne7 21. Re1 Rc6 22. g4 Qc7 23. Qe3 f6 24. f4 fxe5 25. fxe5 b5 26. Rf1 Rxf1+ 27. Nxf1 b4 28. cxb4 Rc1 29. Qf4 Re1 30. Re3 Qc1 31. Rf3 Qxf4 32. Rxf4 Nc6 33. b5 Nb4 34. Kg2 Nc2 35. Ng3 Rd1 36. a4 Nxd4 37. Kf2 Nc2 38. Ke2 Ra1 39. Kd2 Ra2 40. Kc3 Ne3 41. Kb3 Ra1 42. Rf3 Nc4 43. Rc3 Rb1+ 44. Kc2 Rg1 45. Ne2 Rxg4 46. Rb3 Rg2 47. Kd1 Rh2 48. Nd4 Rh1+ 49. Ke2 Rh2+ 50. Ke1 Ra2 51. Nc6 d4 52. Nxd4 Rxa4 53. Nxe6 Nxe5 54. Nd8 Kh7 55. Nc6 Nxc6 56. bxc6 Rc4 57. Ra3 Rxc6 58. Rxa7 Rc5 59. Kf2 Rxh5 60. Kg3 Rg5+ 61. Kh3 Rd5 62. Kg4 h5+ 63. Kh4 Kh6 64. Ra6+ g6 65. Rb6 Rd4+ 66. Kh3 Rc4 67. Ra6 Rd4 68. Rb6 Kg5 69. Rb5+ Kh6 70. Rb6 1/2-1/2


[Site "https://www.chess.com"]

[Event "Titled Tuesday Blitz January 25 2022"]
[White "Hakemi, Arman"]
[Black "Pakleza, Zbigniew"]
[WhiteFideId "22520805"]
[BlackFideId "1119290"]
[WhiteElo "2208"]
[BlackElo "2467"]
[Result "1-0"]
[Round "11"]
[TimeControl "180+1"]
[Date "2022.01.26"]
[WhiteClock "0:00:47"]
[BlackClock "0:00:13"]

1. e4 d6 2. d4 Nf6 3. Nc3 c6 4. f4 Qb6 5. Nf3 Bg4 6. Be2 Bxf3 7. Bxf3 e5 8. Ne2 Nbd7 9. c3 Be7 10. O-O O-O 11. Kh1 Rfe8 12. fxe5 dxe5 13. Bg5 Bf8 14. Ng3 Rad8 15. Nf5 h6 16. Bh4 g6 17. Ne3 Bg7 18. d5 Qxe3 19. Bf2 Qg5 20. h4 Qf4 21. g3 Qxf3+ 22. Qxf3 cxd5 23. exd5 e4 24. Qe2 e3 25. Bg1 Nxd5 26. Rad1 N5b6 27. Bxe3 Rc8 28. Qf2 f5 29. Bxb6 Nxb6 30. Qf3 Rc7 31. h5 gxh5 32. Qxf5 Rce7 33. Qxh5 Nd7 34. Rxd7 1-0


[Site "https://www.chess.com"]

[Event "Titled Tuesday Blitz January 25 2022"]
[White "Harshavardhan G B"]
[Black "Zong, Davis"]
[WhiteFideId "25059009"]
[BlackFideId "30903955"]
[WhiteElo "1831"]
[BlackElo "2061"]
[Result "1-0"]
[Round "11"]
[TimeControl "180+1"]
[Date "2022.01.26"]
[WhiteClock "0:02:02"]
[BlackClock "0:00:06"]

1. e4 e5 2. Nc3 Nf6 3. Bc4 Nxe4 4. Qh5 Nd6 5. Bb3 Nc6 6. Nb5 g6 7. Qf3 f6 8. Qd5 Qe7 9. Nxc7+ Kd8 10. Nxa8 b6 11. Qf3 Bb7 12. Qh3 Bxa8 13. Ne2 Bg7 14. d3 Bb7 15. Bh6 Nd4 16. Bxg7 Qxg7 17. Nxd4 exd4 18. O-O-O Re8 19. Rhe1 Kc7 20. Kb1 Rxe1 21. Rxe1 f5 22. Qg3 h5 23. h4 Qf6 24. Qf4 Bxg2 25. a4 Bc6 26. Re5 a5 27. Qxd4 Qf8 28. Qf4 Qf6 29. c3 Kb7 30. Re1 Nf7 31. Bxf7 Qxf7 32. Qd4 Qb3 33. Qc4 Qxc4 34. dxc4 Bxa4 35. Re7 Bc6 36. Kc1 f4 37. Kd2 Kc7 38. Kd3 Kd6 39. Rg7 Bf3 40. Rxg6+ Kc5 41. Rg5+ Kc6 42. Kd4 d6 43. Rf5 a4 44. Rxf4 Bg4 45. f3 Be6 46. Rf6 Bd7 47. Rh6 Be8 48. f4 Kd7 49. f5 Bf7 50. Rh7 Ke7 51. Rh8 Kf6 52. Ra8 Kxf5 53. Rxa4 Kg4 54. Ra7 Be6 55. Rb7 Kxh4 56. Rxb6 Kg3 57. Rxd6 Bg4 58. Rh6 h4 59. b4 h3 60. c5 h2 61. Rxh2 Kxh2 62. b5 Kg3 63. c6 Kf4 64. b6 Kg5 65. b7 Kf6 66. b8=Q Be6 67. Qe5+ Kf7 68. c7 1-0


[Site "https://www.chess.com"]

[Event "Titled Tuesday Blitz January 25 2022"]
[White "Hoghmrtsyan, Artur"]
[Black "Punin, Andrii"]
[WhiteFideId "13306685"]
[BlackFideId "14112639"]
[WhiteElo "2620"]
[BlackElo "2357"]
[Result "0-1"]
[Round "11"]
[TimeControl "180+1"]
[Date "2022.01.26"]
[WhiteClock "0:00:27"]
[BlackClock "0:00:29"]

1. e4 c6 2. d4 d5 3. Nc3 dxe4 4. Nxe4 Bf5 5. Ng3 Bg6 6. Nh3 Nf6 7. Nf4 e6 8. h4 Bd6 9. h5 Bxf4 10. Bxf4 Bf5 11. Nxf5 Qa5+ 12. Qd2 Qxf5 13. h6 g5 14. Be5 Ne4 15. Qe3 f6 16. Bxb8 Rxb8 17. Bd3 Qa5+ 18. c3 f5 19. Bxe4 fxe4 20. Qxe4 Kd7 21. O-O-O Qxa2 22. Qe5 Rhg8 23. Qe4 Rh8 24. Rh5 Rbg8 25. Re1 Rg6 26. Rh3 Rf8 27. Re2 Rf4 28. Qe5 Qa1+ 29. Kc2 Qa4+ 30. Kd2 Qa2 31. Ke3 Qb1 32. Qb8 Re4+ 33. Kf3 g4+ 34. Kg3 gxh3+ 35. Kxh3 Qh1+ 36. Qh2 Rh4+ 0-1


[Site "https://www.chess.com"]

[Event "Titled Tuesday Blitz January 25 2022"]
[White "Ibrahimli, Murad"]
[Black "Rychagov, Andrey"]
[WhiteFideId "13410229"]
[BlackFideId "4119932"]
[WhiteElo "2109"]
[BlackElo "2500"]
[Result "0-1"]
[Round "11"]
[TimeControl "180+1"]
[Date "2022.01.26"]
[WhiteClock "0:01:31"]
[BlackClock "0:00:29"]

1. e4 e6 2. d4 d5 3. Nc3 Bb4 4. e5 Qd7 5. Bd2 b6 6. a3 Bxc3 7. Bxc3 Ba6 8. Bxa6 Nxa6 9. Qg4 f5 10. Qg3 Nb8 11. Nh3 Nc6 12. Nf4 O-O-O 13. h4 Qf7 14. b3 Nge7 15. Bb2 g6 16. O-O-O h6 17. Nh3 Rdf8 18. f4 Qe8 19. Qd3 Kb7 20. Kb1 Qd7 21. Ng1 g5 22. hxg5 hxg5 23. Rxh8 Rxh8 24. fxg5 Ng6 25. Bc1 Rh1 26. Nf3 Qh7 27. c4 Rxd1 28. Qxd1 Qd7 29. Qd2 Na5 30. Qc3 dxc4 31. bxc4 Qc6 32. d5 exd5 33. Nd4 Qxc4 34. Qxc4 Nxc4 35. e6 f4 36. Ne2 Kc6 37. Nxf4 Nce5 38. Nh5 Kd6 39. Ng7 c5 40. g3 Ke7 41. Bf4 Nc6 42. Be3 Nd8 43. Kc2 Nxe6 44. Nf5+ Kd7 45. Kd3 Ne5+ 46. Ke2 d4 47. Bf4 Ng6 48. Kf3 Kc6 49. Nh4 Nexf4 50. gxf4 Nxh4+ 51. Kg4 d3 52. f5 0-1


[Site "https://www.chess.com"]

[Event "Titled Tuesday Blitz January 25 2022"]
[White "Jakubowski, Krzysztof"]
[Black "Yuan, Qingyu"]
[WhiteFideId "1112848"]
[BlackFideId "8609772"]
[WhiteElo "2365"]
[BlackElo "2359"]
[Result "1-0"]
[Round "11"]
[TimeControl "180+1"]
[Date "2022.01.26"]
[WhiteClock "0:00:10"]
[BlackClock "0:00:02"]

1. e4 c6 2. d4 d5 3. e5 c5 4. dxc5 e6 5. a3 Bxc5 6. b4 Be7 7. Qg4 g6 8. Nf3 a5 9. b5 Nd7 10. Bd3 h5 11. Qf4 Nh6 12. h4 b6 13. Nbd2 Bb7 14. Nd4 Qc7 15. N4f3 Qc3 16. Rb1 Nc5 17. O-O Nxd3 18. cxd3 Qxd3 19. Nd4 Nf5 20. Bb2 Rc8 21. Rfd1 O-O 22. g3 Rc7 23. Re1 Rfc8 24. Rbd1 Nxd4 25. Bxd4 Qxa3 26. Bxb6 Rc2 27. Bd4 Bb4 28. Re3 Qa4 29. Nf3 Rxf2 30. Red3 Rcc2 31. Bxf2 Qxb5 32. Ng5 Rc7 33. Bd4 a4 34. Rf3 a3 35. Nxf7 a2 36. Nh6+ Kh7 37. Nf7 Be7 38. Qh6+ Kg8 39. Qh8# 1-0


[Site "https://www.chess.com"]

[Event "Titled Tuesday Blitz January 25 2022"]
[White "Janaszak, Dawid"]
[Black "Gnechko, Ruslan"]
[WhiteFideId "1119206"]
[BlackFideId "14135868"]
[WhiteElo "2199"]
[BlackElo "2289"]
[Result "1-0"]
[Round "11"]
[TimeControl "180+1"]
[Date "2022.01.26"]
[WhiteClock "0:00:52"]
[BlackClock "0:00:10"]

1. e4 c6 2. Ne2 d5 3. e5 c5 4. Nf4 Nc6 5. Bb5 Bf5 6. e6 fxe6 7. Qe2 Qd6 8. d3 Nf6 9. Nc3 e5 10. Nh3 Bxh3 11. gxh3 e6 12. Bg5 O-O-O 13. Bxc6 bxc6 14. O-O-O Be7 15. Rde1 Nd7 16. h4 Bxg5+ 17. hxg5 Rdf8 18. Rhg1 Rf4 19. Kb1 Rhf8 20. Qh5 Rxf2 21. Qxh7 Qe7 22. h4 Rh2 23. h5 Kd8 24. Nd1 Rf5 25. h6 gxh6 26. g6 Rg5 27. g7 Nf6 28. Rxg5 Nxh7 29. g8=Q+ Nf8 30. Rg7 Qe8 31. Rf1 Nd7 32. Qh7 1-0


[Site "https://www.chess.com"]

[Event "Titled Tuesday Blitz January 25 2022"]
[White "Jobava, Baadur"]
[Black "Jones, Gawain C B"]
[WhiteFideId "13601520"]
[BlackFideId "409561"]
[WhiteElo "2617"]
[BlackElo "2657"]
[Result "0-1"]
[Round "11"]
[TimeControl "180+1"]
[Date "2022.01.26"]
[WhiteClock "0:00:14"]
[BlackClock "0:00:21"]

1. e4 e5 2. Nf3 Nc6 3. Bc4 Nf6 4. d3 Bc5 5. c3 d6 6. b4 Bb6 7. O-O a5 8. b5 Ne7 9. Bg5 Ng6 10. Nbd2 h6 11. Bxf6 Qxf6 12. g3 Bh3 13. Re1 Nf4 14. d4 O-O-O 15. Bf1 Bxf1 16. Nxf1 Nh3+ 17. Kg2 Ng5 18. Ne3 exd4 19. Nd5 Qxf3+ 20. Qxf3 Nxf3 21. Nxb6+ cxb6 22. Kxf3 dxc3 23. Rac1 Kd7 24. Rxc3 Rc8 25. Rd3 Ke7 26. e5 dxe5 27. Rxe5+ Kf6 28. Re4 Rhd8 29. Rf4+ Ke7 30. Re3+ Kf8 31. Re6 g5 32. Rff6 Kg7 33. Rxb6 Rc2 34. Rxh6 Rdd2 35. Kg4 Rxf2 36. Kxg5 f6+ 37. Rhxf6 Rc5+ 38. Kg4 Rxf6 39. Rxb7+ Rf7 40. Rb8 Rc2 41. a4 Ra2 42. h4 Kf6 43. Rb6+ Ke5 44. Kh5 Rxa4 45. g4 Rh7+ 46. Kg6 Rxh4 47. g5 Rad4 48. Rb8 Rd6+ 49. Kg7 Rg4 0-1


[Site "https://www.chess.com"]

[Event "Titled Tuesday Blitz January 25 2022"]
[White "Kadam, Om Manish"]
[Black "Manukian, Artak"]
[WhiteFideId "45076294"]
[BlackFideId "13301373"]
[WhiteElo "1729"]
[BlackElo "2422"]
[Result "1/2-1/2"]
[Round "11"]
[TimeControl "180+1"]
[Date "2022.01.26"]
[WhiteClock "0:00:21"]
[BlackClock "0:00:15"]

1. e4 c6 2. c4 d5 3. exd5 cxd5 4. cxd5 Nf6 5. Nc3 g6 6. Nf3 Bg7 7. Qb3 O-O 8. Bc4 Nbd7 9. d3 Nb6 10. Be3 Bf5 11. O-O Ng4 12. Bxb6 axb6 13. h3 Ne5 14. Nxe5 Bxe5 15. Ne2 h5 16. a4 Bc7 17. Rfe1 Qd6 18. Ng3 Bd7 19. Qa3 Rxa4 20. Qxd6 Bxd6 21. Ne4 Rfa8 22. Rxa4 Rxa4 23. Nxd6 exd6 24. Re7 Bf5 25. Rxb7 Rb4 26. b3 Kf8 27. f3 Ke8 28. Kf2 Bc8 29. Rc7 Kd8 30. Rxf7 b5 31. Rf6 Kc7 32. Rxg6 bxc4 33. bxc4 Bf5 34. Rg7+ Kb6 35. Ke3 Rb3 36. Rg5 Bxd3 37. Rxh5 Bxc4+ 38. Kf4 Kc5 39. g4 Bxd5 40. g5 Rxf3+ 41. Kg4 Rf8 42. g6 Kd4 43. h4 Bf3+ 44. Kg5 Bxh5 45. Kxh5 Ke5 46. g7 Rg8 47. Kg6 d5 48. h5 d4 49. h6 d3 50. h7 Rxg7+ 51. Kxg7 d2 52. h8=Q d1=Q 53. Kg6+ Kf4 54. Qh4+ Qg4+ 55. Qxg4+ Kxg4 1/2-1/2


[Site "https://www.chess.com"]

[Event "Titled Tuesday Blitz January 25 2022"]
[White "Kanyamarala, Trisha"]
[Black "Sadovsky, Artem"]
[WhiteFideId "45004722"]
[BlackFideId "4155840"]
[WhiteElo "2002"]
[BlackElo "2369"]
[Result "0-1"]
[Round "11"]
[TimeControl "180+1"]
[Date "2022.01.26"]
[WhiteClock "0:00:02"]
[BlackClock "0:00:07"]

1. c4 g6 2. Nc3 Bg7 3. Nf3 d6 4. g3 e5 5. Bg2 f5 6. d4 e4 7. Ng5 Nf6 8. d5 O-O 9. O-O Qe7 10. f3 h6 11. Ne6 Bxe6 12. dxe6 Qxe6 13. fxe4 fxe4 14. Be3 Qxc4 15. Rc1 Ng4 16. Rxf8+ Kxf8 17. Nd5 Nxe3 18. Nxe3 Qd4 19. Qf1+ Kg8 20. Rxc7 Qxe3+ 21. Kh1 Qd4 22. Qf7+ Kh7 23. Rc8 h5 24. h4 a5 25. g4 hxg4 26. h5 Qf6 27. hxg6+ Kh6 28. Qg8 Qh4+ 29. Kg1 Bd4+ 30. e3 Bxe3+ 31. Kf1 Qf2# 0-1


[Site "https://www.chess.com"]

[Event "Titled Tuesday Blitz January 25 2022"]
[White "Kazarian, Anna-Maja"]
[Black "Risteski, Emil"]
[WhiteFideId "1033689"]
[BlackFideId "15005267"]
[WhiteElo "2004"]
[BlackElo "2070"]
[Result "1-0"]
[Round "11"]
[TimeControl "180+1"]
[Date "2022.01.26"]
[WhiteClock "0:00:53"]
[BlackClock "0:01:39"]

1. e4 e6 2. d4 d5 3. exd5 exd5 4. c4 dxc4 5. Bxc4 Bd6 6. Nc3 Nf6 7. Nf3 O-O 8. O-O Nc6 9. Bg5 h6 10. Bh4 Bg4 11. h3 Bxf3 12. Qxf3 Nxd4 13. Qxb7 Rb8 14. Qxa7 Rxb2 15. Nd5 g5 16. Qxd4 Nxd5 17. Qxb2 Nb6 18. Qc2 gxh4 19. Qg6+ Kh8 20. Qxh6+ Kg8 21. Bd3 Bh2+ 22. Kxh2 Qxd3 23. Qg5+ Kh8 24. Qxh4+ Kg8 25. Qg5+ Kh8 26. Rad1 Qe4 27. Qf6+ Kh7 28. Rd4 1-0


[Site "https://www.chess.com"]

[Event "Titled Tuesday Blitz January 25 2022"]
[White "Khripachenko, Alexander"]
[Black "Dronavalli, Harika"]
[WhiteFideId "54184975"]
[BlackFideId "5015197"]
[WhiteElo "2177"]
[BlackElo "2382"]
[Result "0-1"]
[Round "11"]
[TimeControl "180+1"]
[Date "2022.01.26"]
[WhiteClock "0:00:14"]
[BlackClock "0:00:47"]

1. e4 c5 2. Nf3 Nc6 3. d4 cxd4 4. Nxd4 Nf6 5. Nc3 e5 6. Ndb5 d6 7. a4 a6 8. Na3 Bg4 9. f3 Be6 10. Be3 Rc8 11. Qd2 Be7 12. Nd5 Bxd5 13. exd5 Nb8 14. Nc4 Nbd7 15. Be2 O-O 16. O-O Nh5 17. Rfd1 f5 18. Bf2 Rf6 19. Qg5 Nf4 20. Bf1 Nh3+ 21. gxh3 Rg6 22. Qxg6 hxg6 23. b4 Qf8 24. b5 Qf6 25. Be3 Qh4 26. Na5 Rxc2 27. Bd3 Rc3 28. Nxb7 axb5 29. a5 e4 30. a6 exd3 31. a7 Rc8 32. a8=Q Rxa8 33. Rxa8+ Kh7 34. Nd8 Bxd8 0-1


[Site "https://www.chess.com"]

[Event "Titled Tuesday Blitz January 25 2022"]
[White "Kirillov-Dmitry"]
[Black "Hasangatin, Ramil"]
[BlackFideId "4122160"]
[WhiteElo "2509"]
[BlackElo "2375"]
[Result "0-1"]
[Round "11"]
[TimeControl "180+1"]
[Date "2022.01.26"]
[WhiteClock "0:00:03"]
[BlackClock "0:01:09"]

1. d4 Nf6 2. c4 d6 3. Nc3 e5 4. dxe5 dxe5 5. Qxd8+ Kxd8 6. e3 Be6 7. b3 Nfd7 8. Bb2 f6 9. O-O-O c6 10. Kc2 Kc7 11. a3 a5 12. Nge2 Na6 13. Ng3 Nac5 14. f3 Bf7 15. h4 Bg6+ 16. e4 h5 17. Nf5 Ne6 18. Ne2 Ndc5 19. g3 Bf7 20. Bh3 g6 21. Ne3 Bh6 22. Bxe6 Nxe6 23. Bc1 Bf8 24. Kc3 Bc5 25. Nc2 Rhd8 26. b4 axb4+ 27. axb4 Be7 28. Be3 Ra4 29. Rxd8 Nxd8 30. Kb3 Ra8 31. Kc3 Ne6 32. Ra1 Rd8 33. c5 f5 34. Bf2 Bf6 35. Ne3 Nd4 36. Ng1 Nb5+ 37. Kc2 f4 38. Ng2 Bc4 39. Rc1 Rd3 40. Ne1 Ra3 41. Kb2 Ra2+ 42. Kb1 Na3# 0-1


[Site "https://www.chess.com"]

[Event "Titled Tuesday Blitz January 25 2022"]
[White "Koelle, Tobias"]
[Black "Aradhya, Garg"]
[WhiteFideId "16207378"]
[BlackFideId "25006746"]
[WhiteElo "2541"]
[BlackElo "2169"]
[Result "1-0"]
[Round "11"]
[TimeControl "180+1"]
[Date "2022.01.26"]
[WhiteClock "0:00:07"]
[BlackClock "0:00:11"]

1. d4 d5 2. c4 c6 3. cxd5 cxd5 4. Bg5 f6 5. Bd2 Qb6 6. Nf3 Bf5 7. Nc3 e6 8. Nh4 Ne7 9. Nxf5 Nxf5 10. e3 Nc6 11. Rb1 Nd6 12. Na4 Qc7 13. Nc5 Kf7 14. Bd3 g6 15. O-O b6 16. Nb3 Be7 17. Rc1 Qd7 18. Qe2 Rac8 19. f3 e5 20. dxe5 fxe5 21. e4 dxe4 22. Ba6 Rc7 23. f4 Nf5 24. Bc3 Ncd4 25. Qxe4 Qc6 26. Qe1 Nxb3 27. axb3 b5 28. Qxe5 Rb8 29. Ba5 Qxc1 30. Bxc7 Qc5+ 31. Kh1 Re8 32. Bxb5 Ne3 33. Bxe8+ Kf8 34. Qh8# 1-0


[Site "https://www.chess.com"]

[Event "Titled Tuesday Blitz January 25 2022"]
[White "Kucuksari, Kaan"]
[Black "Saravana, Krishnan P."]
[WhiteFideId "6380166"]
[BlackFideId "5018382"]
[WhiteElo "2305"]
[BlackElo "2210"]
[Result "1/2-1/2"]
[Round "11"]
[TimeControl "180+1"]
[Date "2022.01.26"]
[WhiteClock "0:01:22"]
[BlackClock "0:00:14"]

1. d4 d5 2. c4 c6 3. Nf3 Nf6 4. Qc2 dxc4 5. Qxc4 Bf5 6. g3 e6 7. Bg2 Be7 8. O-O Nbd7 9. e3 O-O 10. Nc3 h6 11. Rd1 Ne4 12. Nxe4 Bxe4 13. Bd2 Rc8 14. Bc3 Bd6 15. Ne5 Bxg2 16. Kxg2 Qe7 17. b4 Bxe5 18. dxe5 c5 19. b5 Nb6 20. Qg4 Rfd8 21. e4 Rxd1 22. Rxd1 Qe8 23. Qe2 c4 24. Qb2 Na4 25. Qb4 Nxc3 26. Qxc3 Qxb5 27. Rd6 Qb1 28. Qf3 c3 29. Rd7 Rf8 30. Qxc3 Qxe4+ 31. Qf3 Qxe5 32. Rxb7 a5 33. a4 g6 34. Rb5 Qc7 35. Qe3 Rb8 36. Rxb8+ Qxb8 37. Qxh6 Qb7+ 38. Kg1 Qe4 39. Qf4 Qxf4 40. gxf4 Kf8 41. Kf1 Ke7 42. Ke2 Kd6 43. Kd3 Kd5 44. h3 Kc5 45. Kc3 Kd5 46. Kd3 f6 47. h4 Kc5 48. Kc3 Kd5 49. Kd3 f5 50. f3 Kc5 51. Kc3 Kd5 52. Kd3 e5 53. fxe5 Kxe5 54. Ke3 f4+ 55. Kd3 Kd5 56. Kc3 Kc5 57. Kd3 Kb4 58. Ke4 Kxa4 59. Kxf4 Kb3 60. Kg5 a4 61. Kxg6 a3 62. f4 a2 63. f5 a1=Q 64. f6 Qg1+ 65. Kh7 Qf2 66. Kg7 Qg3+ 67. Kf8 Qxh4 68. f7 Qh8+ 69. Ke7 Qg7 70. Ke8 Qg6 71. Ke7 Qg7 72. Ke8 Qe5+ 73. Kd7 Qf6 74. Ke8 Qe6+ 75. Kf8 Kc4 76. Kg7 Qe7 77. Kg8 Qg5+ 78. Kh8 Qf6+ 79. Kg8 Qg6+ 80. Kh8 Qh6+ 81. Kg8 Qg6+ 82. Kh8 Qf6+ 83. Kg8 Qe6 84. Kg7 Qe7 85. Kg8 Kd5 86. f8=Q Qe6+ 87. Kg7 Qe5+ 88. Kg6 Qg3+ 89. Kf7 Qf4+ 90. Ke7 Qd6+ 91. Kf7 Qxf8+ 92. Kxf8 1/2-1/2


[Site "https://www.chess.com"]

[Event "Titled Tuesday Blitz January 25 2022"]
[White "Kukhmazov, Arsen"]
[Black "Ljukin, Sergei"]
[WhiteFideId "24108260"]
[BlackFideId "14102200"]
[WhiteElo "2487"]
[BlackElo "2312"]
[Result "0-1"]
[Round "11"]
[TimeControl "180+1"]
[Date "2022.01.26"]
[WhiteClock "0:00:02"]
[BlackClock "0:00:09"]

1. d4 d5 2. c4 c6 3. Nf3 Nf6 4. Nc3 dxc4 5. a4 Bf5 6. Nh4 Bc8 7. e3 e5 8. Bxc4 exd4 9. exd4 Be7 10. O-O O-O 11. Re1 Na6 12. Nf3 Nb4 13. Qb3 Bf5 14. Ne5 Nfd5 15. Ne4 a5 16. Bd2 Qb6 17. Bc3 Be6 18. Nf3 Nf4 19. Bxe6 Nxe6 20. Rad1 Qc7 21. Ne5 Nd5 22. Qc4 Nef4 23. Bd2 Bd6 24. g3 Ne6 25. Nd3 Be7 26. Rc1 Qd8 27. Ne5 Rc8 28. Qb3 Nxd4 29. Qd3 Ne6 30. Qe2 Qb6 31. Nc4 Qb3 32. Nxa5 Qxb2 33. Rb1 Qa2 0-1


[Site "https://www.chess.com"]

[Event "Titled Tuesday Blitz January 25 2022"]
[White "Liyanage, Ranindu Dilshan"]
[Black "Potapova, Margarita"]
[WhiteFideId "9915834"]
[BlackFideId "14126869"]
[WhiteElo "1858"]
[BlackElo "2209"]
[Result "1-0"]
[Round "11"]
[TimeControl "180+1"]
[Date "2022.01.26"]
[WhiteClock "0:00:06"]
[BlackClock "0:00:02"]

1. e4 c5 2. Nf3 d6 3. d4 cxd4 4. Nxd4 Nf6 5. Nc3 a6 6. Be3 e5 7. Nb3 Be6 8. h3 Be7 9. g4 O-O 10. Qf3 a5 11. a4 Na6 12. g5 Nd7 13. h4 Nb4 14. Qd1 f5 15. exf5 Bxf5 16. Rc1 Be6 17. Bg2 Nb6 18. O-O Nc4 19. Bxb7 Nxe3 20. fxe3 Qb6 21. Bxa8 Qxe3+ 22. Kg2 Bh3+ 23. Kh2 Bxf1 24. Qxf1 Rxf1 25. Rxf1 h6 26. Nxa5 hxg5 27. Nc6 Nxc6 28. Bxc6 Qd2+ 29. Bg2 gxh4 30. Nd5 Bg5 31. a5 Qxc2 32. a6 Bf4+ 33. Nxf4 Qa4 34. Nd5 Qxa6 35. Ne7+ Kh7 36. Nf5 Qa4 37. Nxd6 Qg4 38. Ne4 Kh6 39. Nf2 Qf4+ 40. Kg1 Qg3 41. Nh3 Qe3+ 42. Kh1 g5 43. Nf2 Qg3 44. Ne4 Qd3 45. Rf6+ Kg7 46. Rf1 g4 47. Nf2 1-0


[Site "https://www.chess.com"]